 Dungeon Crawl Stone Soup version 0.13-a0-3110-gf6e36dc (webtiles) character file.

8167 PolkaDot the Cloud Mage (level 10, -6/61 HPs)
             Began as a Vampire Wizard on Sept 20, 2013.
             Was a High Priest of Sif Muna.
             Mangled by a five-headed hydra simulacrum (7 damage)
             ... on Level 12 of the Dungeon.
             The game lasted 01:13:03 (10621 turns).

PolkaDot the Cloud Mage (Vampire Wizard)           Turns: 10621, Time: 01:13:03

HP  -6/61        AC  6     Str  8      XL: 10   Next: 98%
MP   2/22        EV 12     Int 23      God: Sif Muna [*****.]
Gold 554         SH  0     Dex 12      Spells:  7 memorised,  1 level left

Res.Fire  : + . .   See Invis. : +   F - +0 trident (distort)
Res.Cold  : . . .   Warding    : +   w - +1 robe {rF+}
Life Prot.: + . .   Conserve   : .   (no shield)
Res.Poison: .       Res.Corr.  : .   r - +2 wizard hat
Res.Elec. : .       Clarity    : .   k - +0 cloak
Sust.Abil.: . .     Spirit.Shd : .   v - +0 pair of dwarf gloves (curse)
Res.Mut.  : .       Stasis     : .   (no boots)
Res.Rott. : .       Flight     : .   i - amulet of warding
Saprovore : . . .                    o - ring of sustenance
                                     q - ring of teleport control

@: regenerating quickly, quite resistant to hostile enchantments, stealthy
A: bottle blood, fangs 3, see invisible, deformed body, magic resistance 1, spit
poison 1, unbreathing, Str +2
a: Spit Poison, Bottle Blood, Channel Energy, Forget Spell, Renounce Religion,
Evoke Teleport Control


You were on level 12 of the Dungeon.
You worshipped Sif Muna.
Sif Muna was exalted by your worship.
You were very full.

You visited 2 branches of the dungeon, and saw 13 of its levels.

You collected 534 gold pieces.

Inventory:

Hand weapons
 F - a +0,+0 trident of distortion (weapon)
Armour
 k - a +0 cloak (worn)
 r - a +2 wizard hat (worn)
 v - a cursed +0 pair of dwarven gloves (worn)
 w - a +1 robe of fire resistance (worn)
Magical devices
 d - a wand of teleportation (1)
 n - a wand of polymorph (13) {unknown}
 s - a wand of frost (5)
 C - a wand of random effects (7)
 E - a wand of magic darts (18)
Scrolls
 a - a scroll of noise
 b - 2 scrolls of enchant weapon II
 g - 3 scrolls of enchant weapon I
 m - 2 scrolls of identify
 t - a scroll of enchant armour
 y - 3 scrolls of teleportation
 B - 3 scrolls of remove curse
Jewellery
 i - an amulet of warding (around neck)
 l - an uncursed ring of ice
 o - a ring of sustenance (right hand)
 p - an uncursed ring of poison resistance
 q - a ring of teleport control (left hand)
Potions
 e - a potion of coagulated blood
 h - 6 potions of curing
 u - 6 potions of blood
 D - 2 potions of heal wounds
 G - a potion of invisibility
Books
 c - a book of Minor Magic

   Spells                             Type                      Level
   *Magic Dart                        Conjuration                  1
   *Blink                             Translocation                2
   Call Imp                           Summoning                    2
   Repel Missiles                     Charms/Air                   2
   Slow                               Hexes                        2
   *Conjure Flame                     Conjuration/Fire             3
   *Mephitic Cloud                    Conjuration/Poison/Air       3
 f - Yloja Fae's Handbook of the Birds and Combat Magic
   (You acquired it on level 8 of the Dungeon)

   Spells                             Type                      Level
   Shock                              Conjuration/Air              1
   *Swiftness                         Charms/Air                   2
   Searing Ray                        Conjuration                  2
   *Flight                            Charms/Air                   3
   *Static Discharge                  Conjuration/Air              3
   Conjure Ball Lightning             Conjuration/Air              7
 j - a Necronomicon {highlevel}

   This book is beyond your current level of understanding.

   Spells                             Type                      Level
   Borgnjor's Revivification          Necromancy                   7
   Haunt                              Necromancy/Summoning         7
   Death's Door                       Charms/Necromancy            8
   Necromutation                      Transmutation/Necromancy     8


   Skills:
 - Level 2.1 Dodging
 - Level 3.0 Stealth
 + Level 4.6 Spellcasting
 - Level 6.6 Conjurations
 + Level 4.0 Charms
   Level 1.0 Summonings
 - Level 0.7 Translocations
 + Level 5.9 Fire Magic
 * Level 9.9 Air Magic
 - Level 4.8 Invocations
 - Level 0.4 Evocations


You had one spell level left.
You knew the following spells:

 Your Spells              Type           Power        Failure   Level  Hunger
a - Magic Dart            Conj           ####         1%          1    None
d - Mephitic Cloud        Conj/Pois/Air  ####....     3%          3    ##.....
e - Flight                Chrm/Air       #####.....   1%          3    ##.....
q - Blink                 Tloc           N/A          14%         2    None
s - Conjure Flame         Conj/Fire      ####....     2%          3    ##.....
w - Swiftness             Chrm/Air       #####.....   1%          2    None
z - Static Discharge      Conj/Air       #####...     1%          3    ##.....


Dungeon Overview and Level Annotations

Branches:
Dungeon (12/27)            Temple (1/1) D:4            Lair (0/8) D:10
    Orc: D:6-11

Altars:
Ashenzari
Cheibriados
Elyvilon
Fedhas
Kikubaaqudgha
Makhleb
Nemelex Xobeh
Okawaru
Sif Muna
Trog
Vehumet
Xom
Yredelemnul
Zin
the Shining One

Annotations:
D:8 Gastronok


Innate Abilities, Weirdness & Mutations

Your natural rate of healing is unusually fast.
You can bottle blood from corpses.
You have razor-sharp teeth.*
You have supernaturally acute eyesight.
You can survive without breathing.*
Armour fits poorly on your strangely shaped body.*
You are resistant to hostile enchantments.+ You can spit poison.+ Your muscles are strong. (Str +2)


Message History

Casting: Magic Dart
Confirm with . or Enter, or press ? or * to list all spells.
Aiming: Conjure Flame
Press: ? - help, Dir - move target cursor The fire roars!
Casting: Conjure Flame
Confirm with . or Enter, or press ? or * to list all spells.
The five-headed hydra simulacrum is struck by lightning.
The lightning arcs!
You are struck by lightning.
The lightning arcs!
The five-headed hydra simulacrum is struck by lightning.
The lightning grounds out.
Use which ability? (? or * to list)
You channel some magical energy.
You feel somewhat less full.
The five-headed hydra simulacrum is engulfed in roaring flames.
The five-headed hydra simulacrum closely misses you.
The five-headed hydra simulacrum bites you.
The five-headed hydra simulacrum freezes you!
* * * LOW HITPOINT WARNING * * *
The five-headed hydra simulacrum bites you!
You die...

#################
.......Z@..%.....
.......$..$......
.......########
....?.. ..$....
...... ..... ....
.


You could see a five-headed hydra simulacrum.

Vanquished Creatures
  Pikel (D:4)
  Joseph (D:7)
  A hill giant (D:11)
  The ghost of docbrown the Nimble, an experienced TeAs of Nemelex Xobeh (D:6)
  Prince Ribbit (D:5)
  2 wyverns
  Eustachio (D:6)
  A shark (D:11)
  A hill giant skeleton (D:8)
  A hippogriff (D:9)
  The ghost of wvc the Cutter, an average KoBe of Trog (D:3)
  A manticore (D:12)
  A necrophage (D:6)
  A slave (D:4)
  2 ice beasts
  3 phantoms
  5 sky beasts
  2 black bears
  5 ogres
  3 giant goldfish (D:11)
  A crocodile (D:11)
  3 centaurs
  3 giant frogs
  A water moccasin (D:8)
  5 killer bees (D:7)
  2 jellyfish (D:11)
  3 electric eels (D:11)
  A hippogriff skeleton (D:8)
  2 wights (D:7)
  6 crimson imps
  2 goliath beetles
  A jelly (D:7)
  A quasit (D:9)
  A centaur zombie (D:11)
  A water moccasin skeleton (D:11)
  A water moccasin zombie (D:5)
  A centaur skeleton (D:4)
  A soldier ant zombie (D:11)
  7 hounds
  6 orc priests
  7 worker ants
  3 iguanas
  A giant frog skeleton (D:5)
  12 orc wizards
  A scorpion (D:11)
  Ijyb (D:7)
  A big kobold skeleton (D:7)
  A hound skeleton (D:11)
  A worker ant zombie (D:11)
  17 adders
  A giant centipede (D:9)
  2 green rats (D:6)
  A worm (D:4)
  A scorpion zombie (D:5)
  2 grey rats (D:6)
  8 giant geckos
  An ooze (D:3)
  36 orcs
  A ball python (D:3)
  22 bats
  A bat skeleton (D:7)
  6 giant cockroaches
  11 hobgoblins
  13 jackals
  6 giant newts
  2 giant spores
  14 goblins
  A hobgoblin zombie (D:5)
  A jackal skeleton (D:7)
  15 kobolds
  3 orc zombies
  3 quokkas (D:6)
  A quokka zombie (D:7)
  10 rats
291 creatures vanquished.

Vanquished Creatures (others)
  A crimson imp (D:11)
  A giant spore (D:11)
  A ballistomycete (D:11)
3 creatures vanquished.

Grand Total: 294 creatures vanquished

Notes
Turn   | Place    | Note
--------------------------------------------------------------
     0 | D:1      | PolkaDot, the Vampire Wizard, began the quest for the Orb.
     0 | D:1      | Reached XP level 1. HP: 11/11 MP: 6/6
    82 | D:1      | Reached skill level 1 in Conjurations
   275 | D:1      | Reached XP level 2. HP: 4/17 MP: 0/8
  1240 | D:2      | Reached XP level 3. HP: 15/22 MP: 8/10
  1599 | D:2      | Reached XP level 4. HP: 28/28 MP: 12/12
  1748 | D:2      | Learned a level 3 spell: Conjure Flame
  1752 | D:2      | Learned a level 3 spell: Mephitic Cloud
  1755 | D:2      | Learned a level 2 spell: Blink
  2046 | D:3      | Noticed wvc's ghost (average KoBe)
  2174 | D:4      | Noticed a slave
  2174 | D:4      | Noticed a slave
  2174 | D:4      | Noticed an ogre
  2175 | D:4      | Noticed Pikel
  2175 | D:4      | Noticed a slave
  2176 | D:4      | Noticed a slave
  2185 | D:4      | Gained mutation: You can spit poison. [potion of mutation]
  2185 | D:4      | Gained mutation: Your muscles are strong. (Str +2) [potion of mutation]
  2185 | D:4      | Gained mutation: Armour fits poorly on your strangely shaped body. [potion of mutation]
  2210 | D:4      | Killed an ogre
  2210 | D:4      | Reached XP level 5. HP: 30/33 MP: 0/13
  2237 | D:4      | Killed a slave
  2253 | D:4      | Killed Pikel
  2253 | D:4      | Reached skill level 6 in Conjurations
  2253 | D:4      | Reached XP level 6. HP: 39/39 MP: 1/15
  2253 | D:4      | Reached XP level 7. HP: 44/44 MP: 1/17
  2389 | D:4      | Noticed an ogre
  2401 | D:4      | Killed an ogre
  2477 | D:4      | Found a staircase to the Ecumenical Temple.
  2656 | Temple   | Entered the Ecumenical Temple
  2815 | Temple   | Became a worshipper of Sif Muna the Loreminder
  2938 | D:3      | Reached skill level 1 in Air Magic
  3386 | D:3      | Killed wvc's ghost
  3717 | D:4      | Noticed a phantom
  3725 | D:4      | Killed a phantom
  3725 | D:4      | Reached skill level 1 in Fire Magic
  3725 | D:4      | Reached XP level 8. HP: 48/50 MP: 14/19
  3775 | D:4      | Acquired Sif Muna's first power
  3948 | D:4      | Noticed a phantom
  3960 | D:4      | Killed a phantom
  4036 | D:5      | Entered Level 5 of the Dungeon
  4039 | D:5      | Reached skill level 1 in Invocations
  4456 | D:5      | Got an ancient chain mail
  4457 | D:5      | Identified the +12 chain mail "Veinusk" {Dam+4} (You found it on level 5 of the Dungeon)
  4916 | D:5      | Noticed Prince Ribbit
  4925 | D:5      | Killed Prince Ribbit
  4925 | D:5      | Acquired Sif Muna's second power
  4925 | D:5      | Reached skill level 5 in Air Magic
  5200 | D:6      | Noticed docbrown's ghost (experienced TeAs)
  5205 | D:6      | Killed docbrown's ghost
  5205 | D:6      | Reached XP level 9. HP: 55/55 MP: 18/21
  5485 | D:6      | Noticed Eustachio
  5540 | D:6      | Killed Eustachio
  6374 | D:7      | Reached skill level 7 in Air Magic
  6388 | D:7      | Found a radiant altar of Vehumet.
  6459 | D:7      | Noticed Joseph
  6526 | D:7      | Killed Joseph
  6608 | D:7      | Noticed Ijyb
  6637 | D:7      | Killed Ijyb
  6920 | D:7      | Reached skill level 8 in Air Magic
  7033 | D:7      | Reached XP level 10. HP: 49/61 MP: 9/22
  7362 | D:8      | Noticed Gastronok
  7390 | D:8      | Identified a scroll of acquirement
  7391 | D:8      | Identified Yloja Fae's Handbook of the Birds and Combat Magic (You acquired it on level 8 of the Dungeon)
  7395 | D:8      | Learned a level 2 spell: Swiftness
  7399 | D:8      | Learned a level 3 spell: Flight
  7546 | D:8      | Learned a level 3 spell: Static Discharge
  7599 | D:8      | Acquired Sif Muna's third power
  7636 | D:8      | Reached skill level 1 in Charms
  7922 | D:8      | Reached skill level 5 in Fire Magic
  8158 | D:9      | Found a shimmering altar of Xom.
  8735 | D:9      | Reached skill level 9 in Air Magic
  9232 | D:9      | Gained mutation: You are resistant to hostile enchantments. [potion of beneficial mutation]
  9258 | D:10     | Entered Level 10 of the Dungeon
  9258 | D:10     | Noticed a hill giant
  9307 | D:10     | Found a staircase to the Lair.
  9882 | D:11     | Noticed a hill giant
  9911 | D:11     | Killed a hill giant
 10621 | D:12     | HP: 1/61 [five-headed hydra simulacrum (27)]
 10621 | D:12     | Mangled by a five-headed hydra simulacrum

Action                   |  1- 3 |  4- 6 |  7- 9 | 10-12 || total
-------------------------+-------+-------+-------+-------++-------
Melee: Unarmed           |     6 |       |       |       ||     6
       Dagger            |     6 |       |       |       ||     6
       Short sword       |    16 |       |       |       ||    16
       Trident           |       |    10 |   227 |    54 ||   291
 Cast: Magic Dart        |    87 |    41 |   328 |   421 ||   877
       Conjure Flame     |       |     3 |    35 |    25 ||    63
       Mephitic Cloud    |       |     2 |    19 |    36 ||    57
       Blink             |       |     1 |     1 |       ||     2
       Static Discharge  |       |       |       |     7 ||     7
       Swiftness         |       |       |       |     3 ||     3
       Flight            |       |       |       |     1 ||     1
Invok: Channel Energy    |       |       |    21 |    96 ||   117
 Abil: Spit Poison       |       |     2 |     8 |       ||    10
       Evoke Teleport Co |       |       |     2 |     1 ||     3
       Bottle Blood      |       |       |    21 |    31 ||    52
Evoke: Wand              |       |     1 |     1 |     2 ||     4
  Use: Potion            |     2 |     5 |    25 |    31 ||    63
       Scroll            |       |    10 |     4 |    12 ||    26
 Stab: Sleeping          |     1 |       |     5 |       ||     6
       Confused          |       |       |     4 |     3 ||     7
       Distracted        |       |       |       |     2 ||     2
